 Dungeon Crawl Stone Soup version 0.31-a0-198-g2ad674f65e (webtiles) character file.

Game seed: 9499348672321169352

306 qw the Skirmisher (level 6, -4/35 HPs)
             Began as a Deep Elf Hunter on June 25, 2023.
             Slain by Pikel
             ... wielding a +1 whip of flaming
              (7 damage)
             ... on level 4 of the Dungeon.
             The game lasted 00:01:02 (2515 turns).

qw the Skirmisher (Deep Elf Hunter)                 Turns: 2515, Time: 00:01:02

Health: -4/35      AC:  9    Str: 10    XL:     6   Next: 16%
Magic:  8/8        EV: 16    Int: 14    God:
Gold:   152        SH:  0    Dex: 18    Spells: 5/5 levels left

rFire   . . .        Y - +1 shortbow
rCold   + . .        (shield currently unavailable)
rNeg    . . .        a - +2 ring mail {rC+}
rPois   .            j - +1 helmet
rElec   .            (no cloak)
rCorr   .            (no gloves)
SInv    .            (no boots)
Will    .....        d - amulet of the acrobat
Stlth   +            h - +5 ring of evasion
HPRegen 0.25/turn    (no ring)
MPRegen 0.11/turn

%: acrobat
@: no status effects
A: no striking features
a: no special abilities


You were on level 4 of the Dungeon.
You visited 1 branch of the dungeon, and saw 4 of its levels.

You collected 152 gold pieces.


   Skills:
 - Level 2.0 Fighting
 + Level 9.6 Ranged Weapons
 - Level 2.4 Dodging
 - Level 1.2 Stealth


You had 5 spell levels left.
You didn't know any spells.
Your spell library was empty.

Inventory:

Hand Weapons
 Y - a +1 shortbow (weapon)
Armour
 a - a +2 ring mail of cold resistance (worn)
 j - a +1 helmet (worn)
Jewellery
 d - an amulet of the acrobat (around neck)
 h - a +5 ring of evasion (left hand)
 i - a ring of ice
Scrolls
 c - 2 scrolls of identify
 e - a scroll of teleportation {unknown}
Potions
 b - a potion of degeneration {unknown}
 g - a potion of ambrosia {unknown}
 k - a potion of curing

Dungeon Overview and Level Annotations

Branches:
Dungeon (4/15)
 Temple: D:4-7

Altars:
Elyvilon
Qazlal
Wu Jian

Annotations:
D:4 Pikel


Message History

You shoot an arrow. The lemure shouts!
The arrow hits Pikel.
Pikel is lightly wounded.
Pikel hits you but does no damage.
You shoot an arrow. The arrow closely misses Pikel.
The arrow misses the lemure.
The arrow barely misses the lemure.
Pikel misses you.
You shoot an arrow. The arrow closely misses Pikel.
The arrow hits the lemure but does no damage.
Pikel closely misses you.
A lemure comes into view.
You shoot an arrow. The arrow barely misses Pikel.
The arrow barely misses the lemure.
The arrow hits the lemure.
The lemure is lightly wounded.
Pikel closely misses you.
You shoot an arrow. The arrow barely misses Pikel.
The arrow hits the lemure.
The lemure is lightly wounded.
Pikel barely misses you. The lemure hits you!
You shoot an arrow. The arrow hits Pikel!
Pikel is moderately wounded.
Pikel closely misses you.
You shoot an arrow.
The arrow hits Pikel but does no damage.
Pikel is moderately wounded.
Pikel hits you but does no damage. The lemure hits you but does no damage.
You shoot an arrow.
The arrow hits Pikel but does no damage.
Pikel is moderately wounded.
Pikel completely misses you. The lemure hits you. The lemure misses you.
You shoot an arrow. The arrow barely misses Pikel.
Pikel hits you with a +1 whip of flaming.
Pikel burns you. The lemure closely misses you. The lemure hits you.
The lemure barely misses you. The lemure hits you.
Pikel hits you with a +1 whip of flaming.
Pikel burns you.
You shoot an arrow. The arrow hits Pikel.
Pikel is moderately wounded.
Pikel hits you with a +1 whip of flaming!
You die...

#########
#.......#
#.#####.#
####.#######
#.##.##..........#
......K@##.#####.#
.####.55##.# #.#
#..5.#.# #.#
#...##.# #.#
#......# #.#
...##### #.# .#..
#.##### ..#.+#
#.....# #...##
##..#.#


You could see Pikel and 3 lemures.

Vanquished Creatures
  An ogre (D:2)
  A lemure (D:4)
  A howler monkey (D:4)
  A sleepcap (D:2)
  Terence (D:2)
  3 adders
  3 gnolls (D:3)
  3 worms
  2 orcs
  4 ball pythons
  4 bats
  8 endoplasms
  3 giant cockroaches
  2 goblins
  3 hobgoblins
  4 jackals (D:2)
  10 kobolds
  A quokka (D:2)
  4 frilled lizards
  5 rats
64 creatures vanquished.

Notes
Turn   | Place    | Note
-------+----------+-------------------------------------------
     0 | D:1      | qw the Deep Elf Hunter began the quest for the Orb.
     0 | D:1      | Reached XP level 1. HP: 12/12 MP: 3/3
     0 | D:1      | 0 ||| qw: Version: 0.3-a-22-g0ed2b0b
     0 | D:1      | 0 ||| qw: Game counter: 4955
     0 | D:1      | 0 ||| qw: Melee chars always use a shield: true
     0 | D:1      | 0 ||| qw: God list: Okawaru
     0 | D:1      | 0 ||| qw: Allow faded altars: false
     0 | D:1      | 0 ||| qw: Do Orc after clearing Dungeon:15 true
     0 | D:1      | 0 ||| qw: Do second Lair branch before Depths: true
     0 | D:1      | 0 ||| qw: Lair rune preference: random
     0 | D:1      | 0 ||| qw: Goals: Normal
     0 | D:1      | 0 ||| PLANNING D:1-11
   650 | D:1      | Reached XP level 2. HP: 16/16 MP: 4/4
   655 | D:1      | Reached skill level 6 in Ranged Weapons
   802 | D:1      | 802 ||| UPGRADING to +0 ring mail.
   812 | D:1      | 812 ||| DROPPING +0 leather armour.
   813 | D:1      | 813 ||| UPGRADING to +1 helmet.
   818 | D:1      | 818 ||| UPGRADING to +5 ring of evasion.
   819 | D:1      | 819 ||| READING scroll labelled VEXAJ RAUN.
   820 | D:1      | 820 ||| READING scroll labelled WITEHUI IKHIX.
   821 | D:1      | 821 ||| READING scroll labelled XIOC ONWIGU.
   822 | D:1      | 822 ||| DROPPING scroll of butterflies.
   889 | D:2      | Reached skill level 7 in Ranged Weapons
   889 | D:2      | Reached XP level 3. HP: 19/20 MP: 5/5
   892 | D:2      | Noticed Terence
   902 | D:2      | Killed Terence
   903 | D:2      | Reached XP level 4. HP: 25/25 MP: 6/6
  1391 | D:2      | Reached skill level 8 in Ranged Weapons
  1411 | D:2      | 1411 ||| UPGRADING to amulet of the acrobat.
  1485 | D:2      | Noticed an ogre
  1494 | D:2      | Killed an ogre
  1495 | D:2      | Reached skill level 9 in Ranged Weapons
  1495 | D:2      | Reached XP level 5. HP: 29/29 MP: 7/7
  1577 | D:2      | 1577 ||| READING scroll labelled OLAILOHACH.
  1578 | D:2      | 1578 ||| READING 3 scrolls labelled VAYMOPHE TILOS.
  1579 | D:2      | 1579 ||| READING scroll labelled QOEPEX WEE.
  1580 | D:2      | 1580 ||| READING scroll labelled LOTUER XOITUEHO.
  1581 | D:2      | 1581 ||| READING 2 scrolls of identify.
  1581 | D:2      | 1581 ||| IDENTIFYING sapphire potion
  1582 | D:2      | 1582 ||| DROPPING potion of attraction.
  1633 | D:3      | Found a white marble altar of Elyvilon.
  2025 | D:3      | Found an ornate altar of the Wu Jian Council.
  2053 | D:3      | Found a stormy altar of Qazlal.
  2247 | D:3      | 2247 ||| UPGRADING to +2 ring mail of cold resistance.
  2257 | D:3      | 2257 ||| DROPPING +0 ring mail.
  2258 | D:3      | 2258 ||| DRINKING 2 cyan potions.
  2358 | D:4      | Reached XP level 6. HP: 35/35 MP: 8/8
  2499 | D:4      | Noticed Pikel
  2514 | D:4      | HP: 8/35 [lemure[Pikel] (2)]
  2514 | D:4      | HP: 3/35 [Pikel/+1 whip of flaming (1)]
  2515 | D:4      | Slain by Pikel

Levels and vault maps discovered:
D:1:      wheals_arrival_shading, layout_basic, minmay_misc_feat_four_crosses,
          hangedman_abyss_or_decor_lesser_grid, st_stairs_3
D:2:      minmay_wonky_spiral, layout_basic, serial_glass, glass_columns_b,
          glass_columns_a, glass_columns_a, glass_columns_a, glass_columns_b,
          glass_columns_a, minmay_ruptured, uniq_terence
D:3:      wad_lake_hut, layout_rooms, pdpol_wu_jian_five_deadly_venoms,
          mainiacjoe_overflow_concentric_impassable, elyvilon_altar_5,
          bh_walls_and_bars
D:4:      layout_loops_corners, old_standard_altar, zin_angel,
          kennysheep_potato, uniq_pikel

Skill      XL: |  1  2  3  4  5 |
---------------+----------------+-----
Ranged Weapons | 7 9 |  9.6
Fighting       | 2 |  2.0
Dodging        | |  2.4
Stealth        | |  1.2

Action                     |  1- 3 |  4- 6 || total
---------------------------+-------+-------++-------
   Fire: Shortbow          |    52 |   184 ||   236
    Use: Scroll            |     3 |     5 ||     8
         Potion            |       |     1 ||     1
 Armour: Leather armour    |     1 |       ||     1
         Ring mail         |     1 |    19 ||    20
  Dodge: Dodged            |    18 |    80 ||    98

Table legend:
 A = Non-vault XP
 B = Vault XP
 C = Vault XP percentage of total XP
 D = Non-vault monster count
 E = Vault monster count
 F = Vault count percentage of total count
                 A         B        C        D         E       F
            +---------+---------+-------+---------+---------+-------
      Total |     389 |      49 |  11.2 |      53 |      10 |  15.9
            +---------+---------+-------+---------+---------+-------
        D:1 |      12 |       4 |  25.0 |       8 |       2 |  20.0
        D:2 |     218 |      45 |  17.1 |      20 |       8 |  28.6
        D:3 |      83 |       0 |   0.0 |      20 |       0 |   0.0
        D:4 |      76 |       0 |   0.0 |       5 |       0 |   0.0
            +---------+---------+-------+---------+---------+-------
